 Dungeon Crawl Stone Soup version 0.30-b1-5-g8e6c1be481 (webtiles) character file.

Game seed: 6495552519686350028

98738 mdonais the Severer (level 15, -6/135 HPs)
             Began as a Demonspawn Berserker on May 5, 2023.
             Was a High Priest of Trog.
             Blown up by an orb spider (30 damage)
             ... with an orb of destruction
             ... on level 1 of the Spider Nest.
             The game lasted 01:39:33 (27572 turns).

mdonais the Severer (Demonspawn Berserker)         Turns: 27572, Time: 01:39:34

Health: -6/135     AC: 30    Str: 27    XL:     15   Next: 75%
Magic:  0/15       EV: 12    Int:  8    God:    Trog [*****.]
Gold:   608        SH: 18    Dex: 22    Spells: 14/14 levels left

rFire   . . .        a - +3 broad axe (heavy)
rCold   . . .        K - +0 kite shield
rNeg    . . .        U - +7 chain mail of Whack-A-Mole {rPois Str+2 Dex+6}
rPois   +            (helmet restricted)
rElec   .            A - +2 cloak
rCorr   +            W - +0 pair of gloves
SInv    .            (no boots)
Will    ++...        F - amulet of reflection Stlth
                     w - ring of Zin's Wrath {rPois Will+ rCorr Dex+3}
HPRegen 0.42/turn    r - +4 ring of protection
MPRegen 0.28/turn

%: reflection, guardian spirit
@: on berserk cooldown
A: antennae 1, rugged brown scales 2, powered by pain 1, magic shield, magic
regeneration
a: Renounce Religion, Berserk, Trog's Hand, Brothers in Arms


You were on level 1 of the Spider Nest.
You worshipped Trog.
Trog was extremely pleased with you.
You visited 5 branches of the dungeon, and saw 24 of its levels.
You also visited: Bailey.

You collected 2261 gold pieces.
You spent 1653 gold pieces at shops.

Inventory:

Hand Weapons
 a - a +3 heavy broad axe (weapon)
   (Trog gifted it to you on level 12 of the Dungeon)
 b - a +3 war axe of flaming
   (You took it off an orc on level 8 of the Dungeon)
 g - the +6 arbalest "Damnation" {damnation}
   (You found it on level 5 of the Lair of Beasts)
 s - a +4 heavy battleaxe
   (You took it off Rupert on level 13 of the Dungeon)
Missiles
 t - 15 boomerangs
 v - 6 javelins (quivered)
 Z - 2 throwing nets {=!f}
Armour
 p - a +0 pair of boots
   (You found it on level 1 of the Spider Nest)
 q - a +2 chain mail of fire resistance
   (You took it off an orc on level 10 of the Dungeon)
 A - a +2 cloak (worn)
   (You found it on level 4 of the Lair of Beasts)
 K - a +0 kite shield (worn)
   (You took it off a gnoll sergeant on level 7 of the Dungeon)
 U - the +7 chain mail of Whack-A-Mole (worn) {rPois Str+2 Dex+6}
   (You found it on level 3 of the Lair of Beasts)

   Str:       It affects your strength (+2).
   Dex:       It affects your dexterity (+6).
   rPois:     It protects you from poison.
 W - a +0 pair of gloves (worn)
   (You found it on level 3 of the Dungeon)
Jewellery
 c - a ring of protection from cold
   (You found it on level 15 of the Dungeon)
 r - a +4 ring of protection (right hand)
   (You found it on level 8 of the Dungeon)
 w - the ring of Zin's Wrath (left hand) {rPois Will+ rCorr Dex+3}
   (You acquired it on level 5 of the Lair of Beasts)

   [ring of poison resistance]

   Dex:       It affects your dexterity (+3).
   rPois:     It protects you from poison.
   rCorr:     It protects you from acid and corrosion.
   Will:      It increases your willpower.
 x - the amulet "Conily" {Faith Rampage rElec rPois rF-}
   (You bought it in a shop on level 2 of the Orcish Mines)

   [amulet of faith]

   It allows you to gain divine favour quickly.
   rF:        It makes you vulnerable to fire.
   rElec:     It insulates you from electricity.
   rPois:     It protects you from poison.
   Rampage:   It bestows one free step when moving towards enemies.
 y - the ring "Tyleno Roph" {rPois Int+3 Dex+2 SInv}
   (You acquired it on level 2 of the Orcish Mines)

   [ring of see invisible]

   Int:       It affects your intelligence (+3).
   Dex:       It affects your dexterity (+2).
   rPois:     It protects you from poison.
   SInv:      It lets you see invisible.
 z - a ring of flight
   (You found it on level 3 of the Dungeon)
 F - an amulet of reflection (around neck)
   (You took it off an orc on level 6 of the Dungeon)
Wands
 k - a wand of light (11)
   (You found it on level 1 of the Lair of Beasts)
 C - a wand of roots (5)
   (You found it on level 13 of the Dungeon)
 D - a wand of digging (2)
   (You found it on level 2 of the Lair of Beasts)
 S - a wand of charming (7)
   (You found it on level 8 of the Dungeon)
 V - a wand of flame (13)
   (You found it on level 5 of the Lair of Beasts)
Scrolls
 f - 3 scrolls of enchant armour
 h - 5 scrolls of fog
 j - 5 scrolls of fear
 u - 2 scrolls of brand weapon
 B - 3 scrolls of blinking
 G - 5 scrolls of poison
 I - 3 scrolls of butterflies
 J - a scroll of immolation
 M - 3 scrolls of magic mapping
 N - a scroll of vulnerability
 P - 3 scrolls of enchant weapon
 R - 4 scrolls of identify
 T - 15 scrolls of teleportation
Potions
 d - 5 potions of heal wounds
 e - 4 potions of resistance
 i - 4 potions of lignification
 l - 5 potions of flight
 m - 4 potions of cancellation
 n - 7 potions of magic
 o - 5 potions of attraction
 E - 8 potions of ambrosia
 H - 6 potions of haste
 L - 3 potions of might
 O - 7 potions of mutation
 Q - 11 potions of curing
Miscellaneous
 X - a box of beasts (inert)
   (You found it on level 9 of the Dungeon)
 Y - a tin of tremorstones (2/2)
   (You found it on level 13 of the Dungeon)


   Skills:
 - Level 15.0 Fighting
 - Level 15.5 Axes
 + Level 3.2 Ranged Weapons
 - Level 4.0 Throwing
 - Level 13.0 Armour
 - Level 5.0 Dodging
 - Level 11.2 Shields
 - Level 0.2 Spellcasting
 - Level 4.0 Evocations


You had 14 spell levels left.
You didn't know any spells.
Your spell library was empty.

Dungeon Overview and Level Annotations

Branches:
Dungeon (15/15) Zot: 25792  Temple (1/1) D:7 Zot: 5868    Lair (5/5) D:10 Zot: 22975
  Swamp (0/4) Lair:2       Spider (1/4) Lair:2 Zot: 5477   Slime (0/5) Lair:5
    Orc (2/2) D:11 Zot: 9729     Elf (0/3) Orc:2        Vaults (0/5) D:14
 Depths (0/4) D:15         Bailey (visited)

Altars:
Cheibriados
Fedhas
Gozag
Hepliaklqana
Kikubaaqudgha
Makhleb
Nemelex Xobeh
Okawaru
Qazlal
Sif Muna
Trog
Uskayaw
Wu Jian
Xom
Yredelemnul

Shops:
Orc:1 =   Orc:2 **:*

Annotations:
Lair:2 1 transporter
Lair:5 exclusion: oklob plant


Innate Abilities, Weirdness & Mutations

You have a pair of small antennae on your head.
You are mostly covered in rugged brown scales. (AC +2, +5% HP)
You sometimes gain a little power by taking damage.
When hurt, damage is shared between your health and your magic reserves.
You regenerate magic rapidly.


Message History

The wolf spider poisons you!
You take 15 damage, and have 121/202 hp.
You now have 9/15 mp.
You slice the wolf spider!!
The wolf spider is almost dead.
You slash the wolf spider! You slice the wolf spider!!
You closely miss the tarantella.
You feel very sick.
The wolf spider hits you but does no damage.
The wolf spider bites you but does no damage.
A redback comes into view.
You block the wolf spider's attack.
The wolf spider bites you but does no damage.
The wolf spider hits you but does no damage.
You block the wolf spider's attack.
You take 4 damage, and have 117/202 hp.
You chop the wolf spider into pieces!!!
You kill the wolf spider!
Trog accepts your kill.
You slice the tarantella!! You hit the wolf spider. You slice the wolf spider!!
You feel very sick. The wolf spider hits you!
You block the wolf spider's attack. You block the tarantella's attack.
The wolf spider hits you.
The wolf spider bites you but does no damage.
The wolf spider completely misses you. You block the wolf spider's attack.
The tarantella is healed somewhat.
The tarantella misses you.
Your Ranged Weapons skill increases to level 2!
You take 14 damage, and have 103/202 hp.
You now have 9/15 mp.
You barely miss the wolf spider.
The wolf spider is almost dead.
You barely miss the wolf spider. You hit the culicivora.
You barely miss the tarantella.
You feel very sick.
The wolf spider hits you but does no damage.
You block the wolf spider's attack. The wolf spider closely misses you.
The wolf spider bites you but does no damage.
The tarantella is healed somewhat.
You block the tarantella's attack. The wolf spider hits you!
The wolf spider bites you but does no damage.
You take 11 damage, and have 92/202 hp.
You now have 8/15 mp.
You slice the wolf spider!!
You kill the wolf spider!
Trog accepts your kill.
You closely miss the tarantella. You hit the wolf spider.
You hit the culicivora.
You feel sick. You block the culicivora's attack. The tarantella misses you.
The wolf spider hits you. The wolf spider bites you!
You take 16 damage, and have 76/202 hp.
You now have 7/15 mp.
You barely miss the culicivora.
The culicivora is moderately wounded.
You slice the tarantella!!
You kill the tarantella!
Trog accepts your kill.
You slice the wolf spider!!
You kill the wolf spider!
Trog accepts your kill.
You barely miss the jumping spider.
You feel sick. The jumping spider misses you. The jumping spider bites you.
You take 2 damage, and have 74/202 hp.
You completely miss the redback. You closely miss the culicivora.
You are no longer corroded.
You feel sick. You block the culicivora's attack.
The jumping spider leaps!
The culicivora bites you but does no damage.
You take 2 damage, and have 72/202 hp.
You slash the culicivora!
The culicivora is heavily wounded.
You slice the redback!!
You feel sick. The redback bites you!
The redback is healed somewhat.
You take 11 damage, and have 61/202 hp.
You now have 7/15 mp.
You carve the culicivora like a ham!!!!
You kill the culicivora!
Trog accepts your kill.
You slice the redback!!
You kill the redback!
Trog accepts your kill.
You hit the jumping spider but do no damage.
You feel sick. The jumping spider closely misses you.
You block the jumping spider's attack.
The orb spider pulsates with a strange energy.
You take 1 damage, and have 60/202 hp.
You slice the jumping spider!!
The jumping spider is severely wounded.
You feel sick.
The jumping spider leaps! x2
You take 1 damage, and have 59/202 hp.
Unknown command.
You are no longer berserk.
You are exhausted.
You feel yourself slow down.
You now have 40/135 hp.
You barely miss the jumping spider.
The jumping spider is severely wounded.
You feel sick. You block the jumping spider's attack.
The jumping spider bites you but does no damage.
The jumping spider leaps!
The orb spider weaves a glowing orb of energy.
An orb of destruction comes into view.
You take 1 damage, and have 39/135 hp.
You feel sick.
You are no longer poisoned.
The jumping spider leaps!
You block the orb of destruction... and reflect it back!
You take 2 damage, and have 37/135 hp.
You hit the jumping spider.
The jumping spider is almost dead.
You block the jumping spider's attack.
The jumping spider bites you but does no damage.
You block the jumping spider's attack. The jumping spider closely misses you.
You slice the jumping spider!!
You kill the jumping spider!
Trog accepts your kill.
The orb spider spins a strand of pure energy.
The orb spider weaves a glowing orb of energy.
An orb of destruction comes into view.
The orb of destruction hits a rock wall.
The orb spider pulsates with a strange energy.
The orb spider weaves a glowing orb of energy.
An orb of destruction comes into view.
The orb of destruction hits you!!
* * * LOW HITPOINT WARNING * * *
You take 17 damage, and have 28/135 hp.
You now have 9/15 mp.
The orb spider spins a strand of pure energy.
The orb spider weaves a glowing orb of energy.
The wavering orb of destruction weakly hits you!
* * * LOW HITPOINT WARNING * * *
You take 8 damage, and have 21/135 hp.
You now have 7/15 mp.
You slice the orb spider!!
The orb spider is heavily wounded.
You open the lid... ...and a larval batfire beast flies out!
The box is emptied!
The orb spider spins a strand of pure energy.
Aiming: Fastroot
Press: ? - help, Shift-Dir - straight line, f - orb spider
Aim: an orb spider (heavily wounded, fully charged, ally target)
The roots erupt in riotous growth!
Roots grab the orb spider.
The grasping roots constrict the orb spider!
The roots release their grip on the orb spider.
The orb spider weaves a glowing orb of energy.
Your larval batfire beast breathes flames at the orb spider.
The blast of flame hits the orb spider!
The orb spider dies!
Trog accepts your kill.
Your Ranged Weapons skill increases to level 3!
An orb of destruction comes into view.
You swap places.
You feel yourself speed up.
You block the orb of destruction... and reflect it back!
The orb of destruction hits you!!!
You die...

.^.........##.#.# #.#
............††..#..# #..
....#.......°†.^.# #..
..........^#††.^#.# #..
........(..##.##.... ##..
............### ..# ##...
...............## ^ ##....
#.............†°○## ##.....
#...............@○#########......
.................................
#...^...#.....#..................
#..#....#.....#..H...............
#.....#.....#...)......#.......
#............^>........#.......
##^....................#.......
##^....###..........^##.......
###..##)...#.:....###........


You could see a friendly larval batfire beast (summoned, catching breath).

Vanquished Creatures
  Rupert (D:13)
  Roxanne (D:15)
  Azrael (Orc:2)
  2 entropy weavers (Spider:1)
  A fire dragon (D:15)
  7 hydras
  Fannar (Lair:1)
  A vault guard (D:14)
  A centaur warrior (D:15)
  3 catoblepae
  3 boulder beetles
  The ghost of hjablowme the Destroyer, a journeyman DECj (D:10)
  2 two-headed ogres
  3 death yaks (Lair:5)
  4 orc high priests (Orc:2)
  2 tengu warriors
  2 skysharks
  A pharaoh ant (Spider:1)
  A shadow wraith (D:15)
  An orb spider (Spider:1)
  A deep troll (D:14)
  A lindwurm (Lair:5)
  A deep elf archer (D:14)
  3 necromancers
  2 orc knights
  2 deep elf pyromancers
  5 cyclopes
  5 wolf spiders (Spider:1)
  4 orc sorcerers
  12 ugly things
  A centaur zombie (D:15)
  4 manticores
  3 black mambas (Lair:5)
  2 elephants (Lair:5)
  A rust devil (D:8)
  A demonic crawler (Spider:1)
  2 gargoyles (D:12)
  2 naga magi (D:15)
  13 cane toads
  A freezing wraith (D:15)
  A komodo dragon (shapeshifter) (D:15)
  2 yaktaurs (D:15)
  A centaur skeleton (D:15)
  An efreet (D:14)
  2 rime drakes (Lair:3)
  9 komodo dragons
  A kobold demonologist (D:12)
  A queen bee (Lair:2)
  A tarantella (Spider:1)
  5 trolls
  5 tyrant leeches (Lair:2)
  Prince Ribbit (D:6)
  Grinder (D:5)
  17 blink frogs
  7 dream sheep (Lair:5)
  3 jumping spiders (Spider:1)
  6 slime creatures (D:14)
  3 shadows
  38 yaks
  6 wraiths
  3 wyverns
  9 culicivoras
  21 humans (D:14)
  2 fire elementals (Orc:1)
  6 basilisks
  4 redbacks (Spider:1)
  A steam dragon (D:8)
  4 vampire mosquitoes (D:14)
  2 swamp worms (Lair:2)
  5 wargs
  3 acid dragons
  12 water moccasins
  20 orc warriors
  A black bear (D:5)
  2 hell hounds (Orc:1)
  An ice beast (D:7)
  5 boggarts (D:14)
  9 ogres
  A phantom (D:5)
  13 centaurs
  13 bullfrogs
  3 necrophages (D:5)
  3 gnoll sergeants
  2 water moccasin zombies (D:5)
  8 wights
  33 killer bees
  2 electric eels (Lair:4)
  2 howler monkeys
  3 jellies
  4 hounds
  Crazy Yiuf (D:4)
  30 orc priests
  2 sleepcaps
  4 iguanas
  A scorpion zombie (D:5)
  23 orc wizards
  A boggart simulacrum (D:15)
  7 adders
  19 gnolls
  3 white imps
  An ufetubus (D:4)
  3 worms
  5 dart slugs
  103 orcs
  2 ball pythons (D:1)
  12 endoplasms
  6 giant cockroaches
  13 goblins
  9 hobgoblins
  8 jackals
  4 quokkas
  7 bats
  6 frilled lizards
  6 kobolds
  5 rats
  4 briar patches (Lair:2)
698 creatures vanquished.

Vanquished Creatures (collateral kills)
  Amaemon (D:10)
  An orb spider (Spider:1)
  A rust devil (D:8)
  An orange demon (D:10)
4 creatures vanquished.

Vanquished Creatures (others)
  A briar patch (Lair:2)
  A bush (D:5)
  20 fungi
  43 plants
65 creatures vanquished.

Grand Total: 767 creatures vanquished

Notes
Turn   | Place    | Note
-------+----------+-------------------------------------------
     0 | D:1      | mdonais the Demonspawn Berserker began the quest for the
                  | Orb.
     0 | D:1      | Reached XP level 1. HP: 18/18 MP: 1/1
    49 | D:1      | Gained mutation: You have a pair of small antennae on your
                  | head. [demonic ancestry]
    49 | D:1      | Reached XP level 2. HP: 15/24 MP: 2/2
   478 | D:1      | Gained mutation: You are partially covered in rugged brown
                  | scales. (AC +1, +3% HP) [demonic ancestry]
   478 | D:1      | Reached XP level 3. HP: 24/29 MP: 3/3
   510 | D:1      | Reached ** piety under Trog
  1581 | D:2      | Reached XP level 4. HP: 36/36 MP: 4/4
  2564 | D:4      | Reached XP level 5. HP: 43/43 MP: 5/5
  2779 | D:4      | Reached *** piety under Trog
  3196 | D:4      | Reached XP level 6. HP: 49/50 MP: 6/6
  3265 | D:4      | Found a runed translucent door.
  3266 | D:4      | Noticed Crazy Yiuf
  3406 | D:5      | Entered Level 5 of the Dungeon
  3626 | D:5      | Noticed Grinder
  3643 | D:5      | Killed Grinder
  3644 | D:5      | Reached skill level 5 in Fighting
  3644 | D:5      | Gained mutation: You regenerate magic rapidly. [demonic
                  | ancestry]
  3644 | D:5      | Reached XP level 7. HP: 57/57 MP: 7/7
  3815 | D:5      | Found a sparkling altar of Nemelex Xobeh.
  3825 | D:5      | Found a bloodstained altar of Trog.
  3829 | D:5      | Found an ancient bone altar of Kikubaaqudgha.
  3867 | D:5      | Reached skill level 5 in Axes
  4555 | D:5      | Found a blossoming altar of Fedhas.
  4637 | D:5      | Gained mutation: You sometimes gain a little power by
                  | taking damage. [demonic ancestry]
  4637 | D:5      | Reached XP level 8. HP: 44/65 MP: 8/8
  4849 | D:6      | Reached skill level 5 in Armour
  5874 | D:6      | Noticed Prince Ribbit
  5880 | D:6      | Killed Prince Ribbit
  5881 | D:6      | Reached XP level 9. HP: 63/75 MP: 6/9
  6734 | D:4      | Killed Crazy Yiuf
  7136 | D:7      | Found a staircase to the Ecumenical Temple.
  7149 | Temple   | Entered the Ecumenical Temple
  7714 | D:7      | Found a hide-covered altar of Uskayaw.
  8408 | D:8      | Noticed a two-headed ogre
  8419 | D:8      | Killed a two-headed ogre
  8741 | D:8      | Reached XP level 10. HP: 61/85 MP: 7/10
  8796 | D:8      | Reached **** piety under Trog
  8912 | D:8      | Reached skill level 10 in Fighting
  9595 | D:9      | Reached skill level 10 in Axes
  9691 | D:9      | Reached skill level 1 in Evocations
  9694 | D:9      | Reached skill level 1 in Throwing
  9888 | D:9      | Reached skill level 1 in Shields
 10197 | D:8      | Noticed a rust devil
 10197 | D:8      | Noticed a rust devil
 10209 | D:8      | Killed a rust devil
 10212 | D:8      | Killed a rust devil
 10874 | D:10     | Entered Level 10 of the Dungeon
 10878 | D:10     | Identified a scroll of acquirement
 10883 | D:10     | Acquired a manual of Axes
 11047 | D:10     | Found a staircase to the Lair.
 11064 | D:10     | Gained mutation: You are mostly covered in rugged brown
                  | scales. (AC +2, +5% HP) [demonic ancestry]
 11064 | D:10     | Reached XP level 11. HP: 94/94 MP: 11/11
 11104 | D:10     | Found a flagged portal.
 11120 | Bailey   | Entered a bailey
 11338 | Bailey   | Noticed an orc knight
 11383 | Bailey   | Killed an orc knight
 11823 | D:10     | Found a runed translucent gate.
 11824 | D:10     | Found a runed translucent gate.
 11825 | D:10     | Found a runed translucent gate.
 11826 | D:10     | Noticed hjablowme's ghost (journeyman DECj)
 11913 | D:10     | Noticed Amaemon
 11925 | D:10     | Killed Amaemon
 12515 | D:11     | Found a staircase to the Orcish Mines.
 12725 | D:11     | Noticed a two-headed ogre
 12748 | D:11     | Killed a two-headed ogre
 12909 | D:11     | Reached skill level 5 in Shields
 13126 | D:11     | Noticed a deep elf pyromancer
 13133 | D:11     | Killed a deep elf pyromancer
 13145 | D:11     | Reached XP level 12. HP: 101/101 MP: 12/12
 13362 | Orc:1    | Entered Level 1 of the Orcish Mines
 13485 | Orc:1    | Found Hunedys's Jewellery Emporium.
 13656 | Orc:2    | Entered Level 2 of the Orcish Mines
 14134 | Orc:2    | Noticed Azrael
 14249 | Lair:1   | Entered Level 1 of the Lair of Beasts
 14371 | Lair:1   | Reached skill level 10 in Shields
 14431 | Lair:1   | Reached ***** piety under Trog
 14678 | Lair:1   | Acquired the +0 plate armour of the Barnacle {Drain rPois
                  | Dex+6 Slay+4}
 14732 | Lair:1   | Noticed Fannar
 14806 | Lair:1   | Killed Fannar
 14807 | Lair:1   | Reached XP level 13. HP: 109/109 MP: 10/13
 15616 | Lair:2   | Found a hole to the Spider Nest.
 16375 | Lair:2   | Found a transporter.
 16483 | Lair:2   | Found a transporter.
 16683 | Lair:2   | Found a staircase to the Swamp.
 17773 | Lair:3   | Identified the +7 chain mail of Whack-A-Mole {rPois Str+2
                  | Dex+6}
 18023 | Lair:3   | Reached skill level 10 in Armour
 18472 | Lair:4   | Reached skill level 15 in Axes
 19228 | Lair:4   | Received a gift from Trog
 19497 | Lair:5   | Entered Level 5 of the Lair of Beasts
 19535 | Lair:5   | Found a hide-covered altar of Uskayaw.
 19535 | Lair:5   | Found an ornate altar of the Wu Jian Council.
 20255 | Lair:5   | Gained mutation: When hurt, damage is shared between your
                  | health and your magic reserves. [demonic ancestry]
 20255 | Lair:5   | Reached XP level 14. HP: 113/119 MP: 14/14
 20663 | Lair:5   | Found the +6 arbalest "Damnation" {damnation}
 20795 | Lair:5   | Acquired the ring of Zin's Wrath {rPois Will+ rCorr Dex+3}
 20967 | Lair:5   | Found a staircase to the Slime Pits.
 21556 | D:12     | Received a gift from Trog
 22435 | D:13     | Noticed Rupert
 22449 | D:13     | Killed Rupert
 23218 | Orc:2    | Killed Azrael
 23901 | Orc:2    | Received a gift from Trog
 23936 | Orc:2    | Found Qiunitut's Assorted Antiques.
 23936 | Orc:2    | Found Beestini's Book Emporium.
 23937 | Orc:2    | Found Jibef's General Store.
 23941 | Orc:2    | Found Qomiet Xairch's Assorted Antiques.
 23951 | Orc:2    | Bought a heavily runed golden amulet for 145 gold pieces
 23951 | Orc:2    | Identified the amulet "Conily" {Faith Rampage rElec rPois
                  | rF-} (You bought it in a shop on level 2 of the Orcish
                  | Mines)
 24059 | Orc:2    | Found a staircase to the Elven Halls.
 24424 | Orc:2    | Bought a scroll of acquirement for 1508 gold pieces
 24424 | Orc:2    | Acquired the ring "Tyleno Roph" {rPois Int+3 Dex+2 SInv}
 24521 | D:10     | Killed hjablowme's ghost
 25056 | D:14     | Identified the staff of earth "Toizat" {rN+ Dex+3}
 25087 | D:14     | Reached XP level 15. HP: 124/131 MP: 15/15
 25591 | D:14     | Received a gift from Trog
 25676 | D:14     | Found a gate to the Vaults.
 25865 | D:15     | Entered Level 15 of the Dungeon
 25945 | D:15     | Paralysed by an orc sorcerer for 3 turns
 26443 | D:15     | Found a staircase to the Depths.
 26615 | D:15     | Noticed Roxanne
 26870 | D:15     | Killed Roxanne
 26871 | D:15     | Reached skill level 5 in Dodging
 27082 | Spider:1 | Entered Level 1 of the Spider Nest
 27534 | Spider:1 | Reached skill level 15 in Fighting
 27534 | Spider:1 | Reached skill level 1 in Ranged Weapons
 27572 | Spider:1 | Blown up by an orb spider

Illustrated notes

Levels and vault maps discovered:
D:1:      minmay_arrival_hallway, layout_basic, minmay_hedge_maze
D:2:      layout_loops_ring, minmay_fractal_squares_gapless_5
D:3:      layout_basic
D:4:      layout_loops_ring, serial_rivers, chequers_serial_rivers_micro_e,
          chequers_serial_rivers_micro_d, chequers_serial_rivers_small_b,
          chequers_serial_rivers_micro_e, chequers_serial_rivers_large_b,
          uniq_crazy_yiuf_cottage
D:5:      layout_basic, minmay_overflow_temple_star_quad,
          fedhas_altar_decomposition, uniq_grinder
D:6:      layout_layer_cave, uniq_prince_ribbit1
D:7:      minmay_spotlight, layout_layer_cave,
          mainiacjoe_overflow_concentric_impassable, minmay_temple_entry_wispy
D:8:      cheibrodos_iron_armory, layout_basic
D:9:      layout_loops_ring
D:10:     layout_rooms, erik_lair_orcish_takeover, enter_bailey_4,
          biasface_ghost_orc_armoury, minmay_door_square, minivault_5,
          uniq_amaemon
D:11:     layout_rooms, hiddenorc2_lemuel
D:12:     layout_irregular_city
D:13:     layout_stronghold, uniq_rupert
D:14:     layout_cave_pods, grunt_vaults_entry_tiered, grunt_decor_clamped,
          minmay_checkerbox
D:15:     grunt_enter_depths_magical_seal, layout_rooms, minmay_misc_feat_five,
          uniq_roxanne
Temple:   minmay_crystal_spiral_temple
Lair:1:   layout_regular_city, grunt_megastairs_4, serial_bayou_shore_b,
          uniq_fannar
Lair:2:   gammafunk_worm_tunnel, layout_layer_cave, minmay_swamp_entry_worms,
          spider_nest_entry_rubble, special_room [special_room_bee],
          grunt_megastairs_2
Lair:3:   layout_loops_ring, beast_lair_carwin_6
Lair:4:   layout_regular_city, nicolae_quartered_pool_super,
          cheibrodos_lair_caveside_slide, serial_bayou_shore_b
Lair:5:   hangedman_lair_in_review, layout_regular_city,
          nicolae_slime_entry_slimehenge, nzn_masters_of_martial_movement,
          lemuel_fruit_tree
Spider:1: cheibrodos_spider_silkery, nicolae_spider_moth_buddies, uniq_louise
Orc:1:    layout_caves, serial_shops, nicolae_shop_gaudy_bauble
Orc:2:    st_orc_mages, layout_diamond_mine, uniq_azrael

Skill      XL: |  1  2  3  4  5  6  7  8  9 10 11 12 13 14 15 |
---------------+----------------------------------------------+-----
Armour         | 2 3 4 6 10 12 13 | 13.0
Dodging        | 2 5 |  5.0
Axes           | 3 4 5 7 8 10 14 15 | 15.5
Fighting       | 4 5 6 7 9 10 11 13 15 | 15.0
Evocations     | 2 3 4 |  4.0
Throwing       | 2 3 4 |  4.0
Shields        | 4 9 10 11 | 11.2
Ranged Weapons | 3 |  3.2
Spellcasting   | |  0.2

Action                     |  1- 3 |  4- 6 |  7- 9 | 10-12 | 13-15 || total
---------------------------+-------+-------+-------+-------+-------++-------
  Melee: Hand axe          |   145 |    35 |       |       |       ||   180
         Punch             |     1 |     4 |     4 |     6 |       ||    15
         War axe           |       |   153 |   294 |   478 |   579 ||  1504
         Broad axe         |       |       |       |       |   476 ||   476
  Throw: Javelin           |     2 |       |     4 |    10 |     7 ||    23
         Boomerang         |       |       |     1 |     3 |       ||     4
         Throwing net      |       |       |       |     1 |       ||     1
         Dart              |       |       |       |       |     1 ||     1
 Invoke: Berserk           |       |     1 |     5 |    13 |     9 ||    28
         Trog's Hand       |       |     1 |     1 |     5 |     1 ||     8
         Brothers in Arms  |       |       |       |     1 |     1 ||     2
  Evoke: Wand              |       |       |       |     3 |     1 ||     4
         Box of beasts     |       |       |       |     2 |     1 ||     3
    Use: Potion            |       |     2 |       |     2 |     4 ||     8
         Scroll            |       |     1 |       |    13 |    16 ||    30
   Stab: Sleeping          |     1 |       |       |     1 |       ||     2
         Distracted        |       |       |       |     1 |       ||     1
         Petrified         |       |       |       |       |     1 ||     1
 Armour: Animal skin       |    21 |       |       |       |       ||    21
         Scale mail        |    29 |    99 |    98 |       |       ||   226
         Ring mail         |       |       |    42 |   172 |    30 ||   244
         Chain mail        |       |       |       |       |   403 ||   403
         Plate armour      |       |       |       |       |    44 ||    44
  Dodge: Dodged            |    95 |   109 |   218 |   228 |   315 ||   965
  Block: Kite shield       |       |       |       |    49 |   830 ||   879
         Reflection        |       |       |       |       |    39 ||    39
